 Dungeon Crawl Stone Soup version 0.30-a0-122-g2a1322497e (webtiles) character file.

Game seed: 6929989057774233802

212602 Flugkiller the Eclecticist (level 19, -1/127 (139) HPs)
             Began as a Djinni Summoner on Sept 15, 2022.
             Was a High Priest of Jiyva.
             Slain by a ghostly deep elf blademaster
             ... wielding a +0 rapier
              (14 damage)
             ... on level 3 of the Elven Halls on Sept 16, 2022.
             The game lasted 01:21:03 (34331 turns).

Flugkiller the Eclecticist (Djinni Summoner)       Turns: 34331, Time: 01:21:04

HP:   -1/127 (139)  AC: 14    Str:  7    XL:     19   Next: 65%
Gold: 2270          EV: 23    Int: 28    God:    Jiyva [*****.] SH:  6 Dex: 18

rFire   + + +      SeeInvis .      - Unarmed
rCold   + . .      Faith    .    Y - +2 buckler
rNeg    + + .      Spirit   .    u - +2 leather armour "Wotunax" {rN++ Will+ Dex+3}
rPois   ∞          Reflect  .    A - +1 helmet
rElec   .          Harm     .    U - scarf {rC+ rF+}
rCorr   +          Rampage  .    o - +2 pair of gloves
Will    ++...                    (boots unavailable)
Stlth   +++.......               V - amulet of the Open Hand {Regen+ Stlth+}
HPRegen 2.55/turn                v - +4 ring of evasion
MPRegen 0.00/turn                H - ring of Oqeuf {Wiz Int+4}

@: flying, hasted and slowed, drained, invisible
A: sickness immunity, fire resistance 2, cold vulnerability 1, float, innate
caster, HP casting, extra vitality 1, iridescent scales 1, shaggy fur 3,
pseudopods 3, jelly absorbing missiles
}: 1/15 runes: abyssal
a: Renounce Religion, Oozemancy, Slimify


You were on level 3 of the Elven Halls.
You worshipped Jiyva.
Jiyva was extremely pleased with you.
You visited 6 branches of the dungeon, and saw 31 of its levels.
You visited the Abyss 2 times.
You also visited: Bailey.

You collected 2954 gold pieces.
You spent 684 gold pieces at shops.

Inventory:

Missiles
 T - 5 curare-tipped darts
Armour
 c - a +1 robe of resistance
   (You took it off Erica on level 8 of the Dungeon)
 o - a +2 pair of gloves (worn)
   (You found it on level 6 of the Dungeon)
 u - the +2 leather armour "Wotunax" (worn) {rN++ Will+ Dex+3}
   (You bought it in a shop on level 6 of the Dungeon)

   Dex:       It affects your dexterity (+3).
   rN:        It greatly protects you from negative energy.
   Will:      It increases your willpower.
 A - a +1 helmet (worn)
   (You took it off Robin on level 2 of the Dungeon)
 F - the +1 ring mail "Doxuivve" {rElec Str-2 Dex+7}
   (You found it on level 5 of the Dungeon)

   Str:       It affects your strength (-2).
   Dex:       It affects your dexterity (+7).
   rElec:     It insulates you from electricity.
 K - a scarf of harm
   (You found it on level 7 of the Dungeon)
 M - a +0 cloak
   (You found it on level 2 of the Dungeon)
 U - a scarf of resistance (worn)
   (You found it on level 11 of the Dungeon)
 Y - a +2 buckler (worn)
   (You found it on level 3 of the Lair of Beasts)
Magical Staves
 C - a staff of cold
   (You took it off an orc on level 13 of the Dungeon)
Jewellery
 k - a ring of ice
   (You found it on level 2 of the Dungeon)
 v - a +4 ring of evasion (left hand)
   (You found it on level 9 of the Dungeon)
 H - the ring of Oqeuf (right hand) {Wiz Int+4}
   (You found it on level 6 of the Dungeon)

   [ring of wizardry]

   It improves your spell success rate.
   Int:       It affects your intelligence (+4).
 V - the amulet of the Open Hand (around neck) {Regen+ Stlth+}
   (You acquired it on level 2 of the Lair of Beasts)

   [amulet of regeneration]

   Regen:     It increases your rate of health regeneration.
   Stlth:     It makes you more stealthy.
Wands
 D - a wand of mindburst (24)
   (You took it off an orc on level 5 of the Dungeon)
 E - a wand of acid (1)
   (You found it on level 1 of the Elven Halls)
 J - a wand of charming (13)
   (You took it off a gnoll on level 6 of the Dungeon)
 O - a wand of iceblast (3)
   (You took it off Maggie on level 9 of the Dungeon)
 Q - a wand of digging (13)
   (You took it off Ijyb on level 3 of the Dungeon)
Scrolls
 b - 3 scrolls of immolation
 e - 7 scrolls of poison
 f - 3 scrolls of vulnerability
 g - 3 scrolls of magic mapping
 i - 3 scrolls of fear
 s - 6 scrolls of fog
 t - 9 scrolls of teleportation
 x - 2 scrolls of silence
Potions
 a - 3 potions of brilliance
 d - 6 potions of might
 h - 5 potions of haste
 j - 2 potions of invisibility
 l - 4 potions of attraction
 n - 2 potions of resistance
 q - 7 potions of curing
 G - 2 potions of ambrosia
 N - 5 potions of cancellation
 R - 5 potions of mutation
 X - a potion of berserk rage
Miscellaneous
 S - a box of beasts
   (You found it in a bailey)


   Skills:
 - Level 13.5 Fighting
 - Level 5.0 Armour
 - Level 13.6 Dodging
 - Level 1.5 Stealth
 + Level 7.5 Unarmed Combat
 - Level 19.9 Spellcasting
 - Level 6.0 Evocations


You had 7 spell levels left.
You knew the following spells:

 Your Spells              Type           Power      Damage    Failure   Level
a - Summon Small Mammal   Summ           100%       N/A       0%          1
b - Call Imp              Summ           96%        N/A       0%          2
c - Summon Cactus Giant   Summ           48%        N/A       1%          6
d - Summon Guardian Gole  Hex/Summ       96%        N/A       0%          3
e - Summon Lightning Spi  Summ/Air       96%        N/A       0%          4
f - Beastly Appendage     Tmut           100%       N/A       0%          1
g - Wereblood             Tmut           96%        N/A       0%          2
h - Passwall              Tmut/Erth      80%        N/A       0%          2
i - Hailstorm             Conj/Ice       96%        3d19      0%          4
j - Cause Fear            Hex            48%        N/A       0%          4
k - Freezing Cloud        Conj/Ice/Air   48%        6-21      0%          5
l - Call Canine Familiar  Summ           96%        N/A       0%          3
m - Malign Gateway        Summ/Tloc      48%        N/A       1%          7
n - Statue Form           Tmut/Erth      64%        N/A       1%          6
Your spell library was empty.

Dungeon Overview and Level Annotations

Branches:
Dungeon (15/15) Zot: 24764  Temple (1/1) D:5 Zot: 5779    Lair (5/5) D:11 Zot: 24465
 Shoals (0/4) Lair:2        Snake (0/4) Lair:3        Slime (5/5) Lair:4 Zot: 26905
    Orc (2/2) D:10 Zot: 9456     Elf (3/3) Orc:2 Zot: 14622  Vaults (0/5) D:13
 Depths (0/4) D:15         Bailey (visited)

Altars:
Ashenzari
Cheibriados
Dithmenos
Elyvilon
Fedhas
Gozag
Hepliaklqana
Makhleb
Nemelex Xobeh
Okawaru
Qazlal
Ru
Trog
Uskayaw
Wu Jian
Xom
Yredelemnul
Zin
The Shining One
Jiyva

Shops:
D:1 *   D:6 *   D:15 :   Orc:2 =*[*   Elf:3 ([

Portals:
Hell: Lair:5

Annotations:
D:6 2 transporters
D:8 1 runed translucent door, exclusion: statue, kagamino's ghost, novice MiFi
D:12 1 runed translucent door, gruber's ghost, journeyman DsNe
Lair:4 3 runed translucent doors, ma3's ghost, journeyman MiCK
Slime:5 Royal Jelly
Elf:2 exclusion: 3 doors


Innate Abilities, Weirdness & Mutations

You are immune to sickness and miasma.
You are immune to poison.
Your flesh is very heat resistant. (rF++)
You are vulnerable to cold. (rC-)
You float through the air rather than walking.
You learn spells naturally, not from books.
Your magical power is your life essence.
You have superior vitality. (+4 MHP)
You are partially covered in iridescent scales. (AC +2)
Your thick and shaggy fur keeps you warm. (AC +3, rC+)
Armour fits poorly on your massive pseudopods.
You have a small jelly attached to you that may absorb projectiles.


Message History

Here: a deep elf blademaster, wielding two +0 rapiers and wearing a +0 leather armour (severely wounded, unable to see you) Item here: a +0 long sword.
The floor.
Unknown command.
You feel yourself speed up.
You block the deep elf blademaster's attack.
The deep elf blademaster closely misses you.
You block the deep elf blademaster's attack. x2
The deep elf blademaster hits you with a +0 rapier!
* * * LOW HITPOINT WARNING * * *
The deep elf blademaster misses you.
Unknown command.
You feel better.
The deep elf blademaster completely misses you.
The deep elf blademaster closely misses you.
The deep elf death mage beckons forth a restless soul!
You block the deep elf blademaster's attack.
The deep elf blademaster closely misses you. x2
The deep elf blademaster completely misses you.
The deep elf death mage beckons forth a restless soul!
You feel better.
Your transformation is almost over.
You block the deep elf blademaster's attack. x2
The deep elf blademaster closely misses you.
The deep elf blademaster misses you.
Casting: Hailstorm (safe; 0% risk of failure)
Confirm with . or Enter, or press ? or * to list all spells.
* * * LOW HITPOINT WARNING * * *
The deep elf blademaster misses you.
The deep elf blademaster closely misses you.
The deep elf blademaster barely misses you.
You block the deep elf blademaster's attack.
Unknown command.
The deep elf blademaster barely misses you.
The deep elf blademaster misses you.
The deep elf blademaster hits you but does no damage.
The deep elf blademaster hits you with a +0 rapier!
* * * LOW HITPOINT WARNING * * *
Unknown command.
You swap places.
The deep elf blademaster is struck by your cactus giant's spines.
The deep elf blademaster hits your cactus giant with a +0 rapier!
The deep elf blademaster barely misses your cactus giant.
The deep elf blademaster is struck by your cactus giant's spines.
The lost soul assumes the form of the deep elf blademaster and becomes anchored to this world!
The ghostly deep elf blademaster hits your cactus giant with a +0 rapier!!
The ghostly deep elf blademaster hits your cactus giant with a +0 rapier!
Your cactus giant closely misses the ghostly deep elf blademaster.
The ghostly deep elf blademaster is struck by your cactus giant's spines.
The ghostly deep elf blademaster hits your cactus giant with a +0 rapier!! x2
Casting: Summon Cactus Giant (safe; 1% risk of failure)
Confirm with . or Enter, or press ? or * to list all spells.
A cannonade of hail descends around you!
The hail pelts the ghostly deep elf blademaster!!
The ghostly deep elf blademaster is heavily damaged.
The hail pelts the deep elf death mage!!
The deep elf death mage is almost dead.
The hail pelts the Hell Sentinel!
The Hell Sentinel partially resists.
The Hell Sentinel is lightly wounded.
* * * LOW HITPOINT WARNING * * *
The ghostly deep elf blademaster is struck by your cactus giant's spines.
The ghostly deep elf blademaster hits your cactus giant with a +0 rapier!!
The ghostly deep elf blademaster completely misses your cactus giant.
The deep elf demonologist mumbles some strange words.
The deep elf death mage casts a spell at you.
The bolt of negative energy misses the ghostly deep elf blademaster.
The bolt of negative energy hits your cactus giant!!!
Your cactus giant is drained!
Your cactus giant is destroyed!
Your cactus giant disappears in a puff of smoke!
The bolt of negative energy hits you. You partially resist.
You feel drained.
* * * LOW HITPOINT WARNING * * *
Unknown command.
Unknown command.
Press: ? - help, v - describe, . - travel, g - get item
Here: a ghostly deep elf blademaster, wielding two +0 rapiers and wearing a +0 leather armour (purple smoke, severely damaged, unable to see you)
Items here: a +0 chain mail; a +0 rapier.
The floor.
Unknown command.
Unknown command.
Unknown command.
Unknown command.
Casting: Hailstorm (safe; 0% risk of failure)
Confirm with . or Enter, or press ? or * to list all spells.
* * * LOW HITPOINT WARNING * * *
You revert to your normal fleshy form.
Your +2 pair of gloves unmelds from your body.
The +2 leather armour "Wotunax" {rN++ Will+ Dex+3} unmelds from your body.
The ghostly deep elf blademaster closely misses you.
You block the ghostly deep elf blademaster's attack.
The deep elf death mage gestures at you while chanting.
The bolt of negative energy hits the ghostly deep elf blademaster.
The ghostly deep elf blademaster completely resists.
The bolt of negative energy hits you! You partially resist.
You feel drained.
* * * LOW HITPOINT WARNING * * *
The bolt of negative energy hits your cactus giant!!
Your cactus giant is drained!
You block the ghostly deep elf blademaster's attack.
The ghostly deep elf blademaster hits you with a +0 rapier!
You die...

#...## #3[.## #3).#
###### ##)## ###.....
#######*e#########..#####
#.......e#<.....#...##...
#.######1#..[)..[....#.##
#e#.|##.........##
####@#..##[.#...#####
#...C.......#...# #
#.##.##≈≈####...#####
#.##.##≈≈.J.......e..
#.....#≈≈.###...#####
....###...≈≈.##.....## #
## ###.≈≈.####....##
♣♣♣.≈≈.♣♣♣#.....##
♣...≈≈...♣#.....'.


You could see a Hell Sentinel (summoned), a ghostly deep elf blademaster (unable
to see you), a deep elf death mage (ally target), a deep elf demonologist, a
neqoxec (summoned, wandering, unable to see you), a lost soul (summoned), a
neutral jelly (wandering) (fellow slime) and a friendly cactus giant (summoned,
drained).

Vanquished Creatures
  A tentacled monstrosity (Abyss:4)
  A deep elf master archer (Elf:3)
  A kraken (Abyss:4)
  2 tentacled starspawn
  2 deep elf sorcerers (Elf:3)
  2 deep elf elementalists (Elf:3)
  4 deep elf demonologists (Elf:3)
  4 deep elf annihilators
  3 hydras
  A deep elf high priest (Elf:3)
  Erica (D:8)
  5 centaur warriors
  A two-headed ogre (D:8)
  A ghost crab (Abyss:4)
  A boulder beetle (Lair:5)
  A thrashing horror (Abyss:4)
  17 dancing weapons
  An orc high priest (Orc:2)
  11 deep elf knights
  2 fire crabs
  A sixfirhy (Abyss:4)
  6 skeletal warriors
  10 deep elf archers
  A wizard (D:14)
  17 deep elf pyromancers
  23 deep elf zephyrmancers
  A wolf spider (D:14)
  4 orc sorcerers
  A manticore (D:9)
  5 ugly things
  2 orc knights (Orc:2)
  2 cyclopes (D:11)
  4 elephants (Lair:5)
  An apocalypse crab (Abyss:4)
  A gargoyle (D:14)
  2 orange demons (Lair:5)
  Maggie (D:9)
  2 centaur skeletons (D:13)
  7 cane toads
  An unseen horror (Abyss:4)
  An efreet (D:9)
  4 komodo dragons
  An ice devil (Lair:5)
  5 meliai
  2 ancient zymes
  2 trolls
  2 merfolk (Abyss:3)
  2 raiju (Abyss:4)
  7 slime creatures (D:14)
  A dream sheep (Lair:5)
  11 starcursed masses
  An air elemental (Elf:1)
  A vampire (D:9)
  A wraith (D:9)
  18 yaks
  13 flying skulls (D:12)
  2 spriggans (shapeshifter)
  2 wyverns
  3 water elementals
  A basilisk (Lair:2)
  6 fire elementals
  Grum (D:9)
  2 steam dragons
  A large abomination (Abyss:4)
  6 water moccasins
  2 hell hounds (Lair:5)
  A black bear (D:6)
  2 ice beasts
  4 orc warriors
  4 ogres
  6 boggarts
  7 centaurs
  6 wolves
  6 bullfrogs
  2 kobold brigands
  2 small abominations (Abyss:3)
  An earth elemental (Elf:3)
  6 wights
  6 killer bees (D:9)
  3 howler monkeys (D:9)
  2 hounds
  2 jellies
  10 orc priests
  5 iguanas
  8 orc wizards
  3 adders
  6 gnolls (D:6)
  A white imp (D:5)
  An ufetubus (D:7)
  35 orcs
  A ball python (D:4)
  A giant cockroach (D:1)
  4 goblins
  7 kobolds
  A quokka (D:4)
  A bat (D:3)
  A starspawn tentacle (Abyss:3)
  3 tentacles (Abyss:4)
400 creatures vanquished.

Vanquished Creatures (collateral kills)
  A tentacled monstrosity (Abyss:4)
  An orc warlord (Orc:2)
  A deep elf demonologist (Elf:3)
  A deep elf annihilator (Elf:1)
  Nessos (Lair:3)
  A deep elf death mage (Elf:3)
  Snorg (Lair:3)
  The ghost of qborf the Arsonist, a journeyman DEFE of Gozag (Lair:5)
  A fire dragon (Lair:3)
  A shambling mangrove (Abyss:4)
  Erolcha (D:9)
  2 hydras
  An ogre mage (D:15)
  A catoblepas (Lair:5)
  5 boulder beetles
  3 centaur warriors
  8 two-headed ogres
  8 dancing weapons
  2 tengu warriors
  3 orc high priests (Orc:2)
  A sun demon (Lair:5)
  Sonja (D:11)
  4 deep elf knights
  A glowing orange brain (D:15)
  11 skeletal warriors
  A shadow wraith (Abyss:4)
  5 deep elf archers
  A wizard (Lair:5)
  6 deep elf zephyrmancers
  Pikel (D:5)
  5 orc knights
  12 ugly things
  9 deep elf pyromancers
  2 orc sorcerers
  4 cyclopes
  2 elephants (Lair:5)
  A smoke demon (Abyss:3)
  4 black mambas
  An apocalypse crab (Abyss:4)
  A torpor snail (Lair:5)
  An orange demon (Lair:5)
  An eye of devastation (shapeshifter) (D:15)
  11 cane toads
  2 centaur skeletons (D:13)
  3 efreet
  Psyche (D:8)
  5 rime drakes
  2 yaktaurs (D:13)
  6 komodo dragons
  2 kobold demonologists
  A hellwing (Lair:5)
  An ice devil (Lair:5)
  An ancient zyme (Abyss:4)
  2 meliai (D:15)
  4 hornets
  3 trolls
  2 large abominations
  2 raiju (Abyss:4)
  A blink frog (Abyss:4)
  7 slime creatures
  3 dream sheep (Lair:5)
  7 flying skulls
  A water elemental (Elf:1)
  32 yaks
  6 basilisks
  5 wyverns
  2 vampire mosquitoes (D:15)
  2 steam dragons (D:9)
  2 wargs
  3 hell hounds (Lair:5)
  3 water moccasins
  34 orc warriors
  A sky beast (shapeshifter) (Elf:1)
  2 black bears
  2 ice beasts (D:6)
  13 ogres
  2 wolves
  3 centaurs (D:13)
  A small abomination (Abyss:4)
  A lemure (D:5)
  4 kobold brigands
  4 bullfrogs
  An earth elemental (Elf:1)
  2 scorpions (D:4)
  A wight (D:6)
  2 howler monkeys (D:10)
  6 jellies
  A starcursed mass (Abyss:4)
  A hound (D:4)
  17 orc priests
  11 orc wizards
  Ijyb (D:3)
  An iguana (D:5)
  Robin (D:2)
  5 gnolls
  9 adders
  3 ufetubi
  A worm (D:3)
  4 dart slugs
  51 orcs
  4 bats
  5 endoplasms
  6 giant cockroaches
  14 goblins
  11 hobgoblins
  4 ball pythons
  A frilled lizard (D:2)
  7 kobolds
  4 rats
482 creatures vanquished.

Vanquished Creatures (others)
  An acid blob (Abyss:3)
  29 eldritch tentacles
  A shambling mangrove (Abyss:3)
  A great orb of eyes (Abyss:3)
  A deep elf knight (Elf:1)
  A skeletal warrior (D:13)
  A shining eye (Abyss:3)
  A deep elf zephyrmancer (Elf:3)
  A slime creature (D:15)
  A flying skull (Abyss:4)
  Sigmund (D:2)
  2 floating eyes (Abyss:4)
  3 orc warriors (Orc:2)
  An ogre (Orc:2)
  65 jellies
  Crazy Yiuf (D:2)
  5 orc priests (Orc:2)
  5 orc wizards
  20 orcs
  13 fungi
  26 plants
  10 starspawn tentacles
  7 tentacles (Abyss:4)
197 creatures vanquished.

Grand Total: 1079 creatures vanquished

Notes
Turn   | Place    | Note
-------+----------+-------------------------------------------
     0 | D:1      | Flugkiller the Djinni Summoner began the quest for the Orb.
     0 | D:1      | Flugkiller set off with the following spells memorised:
                  | Summon Small Mammal, Call Imp, Call Canine Familiar, Summon
                  | Guardian Golem, Summon Lightning Spire.
     0 | D:1      | Reached XP level 1. HP: 15/15 MP: 0/0
   491 | D:1      | Reached XP level 2. HP: 20/21 MP: 0/0
   967 | D:1      | Reached XP level 3. HP: 13/25 MP: 0/0
   967 | D:1      | Learned a level 1 spell: Beastly Appendage
  1189 | D:1      | Found Maegaost's Assorted Antiques.
  1198 | D:1      | Bought a scroll labelled DYZEGUOFAG for 25 gold pieces
  1478 | D:2      | Reached skill level 4 in Spellcasting
  1489 | D:2      | Found a faded altar of an unknown god.
  1976 | D:2      | Reached XP level 4. HP: 19/31 MP: 0/0
  2706 | D:2      | Noticed Robin
  2724 | D:2      | Killed Robin
  3178 | D:2      | Noticed Sigmund
  3210 | D:2      | Killed Sigmund
  3211 | D:2      | Reached skill level 5 in Spellcasting
  3211 | D:2      | Reached XP level 5. HP: 33/35 MP: 0/0
  3211 | D:2      | Learned a level 2 spell: Wereblood
  3211 | D:2      | Reached XP level 6. HP: 38/40 MP: 0/0
  3353 | D:2      | Found a runed translucent door.
  3354 | D:2      | Noticed Crazy Yiuf
  3369 | D:2      | Killed Crazy Yiuf
  3898 | D:3      | Noticed Ijyb
  3903 | D:3      | Killed Ijyb
  3948 | D:3      | Reached skill level 6 in Spellcasting
  4174 | D:1      | Bought a scroll labelled XAPNIEMOAHET for 25 gold pieces
  4174 | D:1      | Bought a scroll labelled XUTUNN XATWA for 25 gold pieces
  4174 | D:1      | Bought a bubbling puce potion for 22 gold pieces
  4285 | D:4      | Reached XP level 7. HP: 41/45 MP: 0/0
  4285 | D:4      | Learned a level 2 spell: Passwall
  4340 | D:4      | Reached skill level 1 in Fighting
  5109 | D:5      | Entered Level 5 of the Dungeon
  5123 | D:5      | Reached XP level 8. HP: 45/56 MP: 0/0
  5162 | D:5      | Found a staircase to the Ecumenical Temple.
  5325 | Temple   | Entered the Ecumenical Temple
  5373 | Temple   | Became a worshipper of the Shining One
  5447 | D:5      | Found a snail-covered altar of Cheibriados.
  5468 | D:5      | Found an opulent altar of Gozag.
  5473 | D:5      | Found a stormy altar of Qazlal.
  5481 | D:5      | Found a shimmering altar of Xom.
  5482 | D:5      | Found a broken altar of Ashenzari.
  5487 | D:5      | Found a basalt altar of Yredelemnul.
  5527 | D:5      | Noticed Pikel
  5533 | D:5      | Killed Pikel
  5534 | D:5      | Reached skill level 5 in Fighting
  5534 | D:5      | Reached skill level 7 in Spellcasting
  5854 | D:5      | Identified the +1 ring mail "Doxuivve" {rElec Str-2 Dex+7}
  5929 | D:5      | Reached XP level 9. HP: 56/65 MP: 0/0
  5929 | D:5      | Learned a level 4 spell: Hailstorm
  6295 | D:6      | Found a transporter.
  6415 | D:6      | Noticed a kobold demonologist
  6419 | D:6      | Found a transporter.
  6431 | D:6      | Noticed a deep elf knight
  6431 | D:6      | Reached * piety under the Shining One
  6445 | D:6      | Reached skill level 8 in Spellcasting
  6532 | D:6      | Found Wuakk's Assorted Antiques.
  6555 | D:6      | Identified the ring of Oqeuf {Wiz Int+4}
  6563 | D:6      | Bought a scroll labelled SINIGA HALA for 20 gold pieces
  6563 | D:6      | Bought a glowing grey potion for 18 gold pieces
  7954 | D:7      | Reached XP level 10. HP: 68/76 MP: 0/0
  8704 | D:8      | Noticed kagamino's ghost (novice MiFi)
  8705 | D:8      | Found a runed translucent door.
  8705 | D:8      | Identified the +1 trident "Bouc" {vorpal, rN+ rCorr Str+6}
  8742 | D:8      | Reached ** piety under the Shining One
  8766 | D:8      | Reached skill level 9 in Spellcasting
  9069 | D:8      | Noticed a two-headed ogre
  9091 | D:8      | Killed a two-headed ogre
  9480 | D:8      | Noticed Psyche
  9487 | D:8      | Killed Psyche
  9678 | D:8      | Noticed Erica
  9693 | D:8      | Killed Erica
  9834 | D:8      | Found an iron altar of Okawaru.
 10488 | D:9      | Noticed Grum
 10495 | D:9      | Killed Grum
 10496 | D:9      | Reached skill level 10 in Fighting
 10496 | D:9      | Reached skill level 10 in Spellcasting
 10496 | D:9      | Reached XP level 11. HP: 71/85 MP: 0/0
 10496 | D:9      | Learned a level 4 spell: Cause Fear
 10924 | D:9      | Reached skill level 11 in Spellcasting
 10992 | D:9      | Noticed Maggie
 10999 | D:9      | Killed Maggie
 11300 | D:9      | Noticed a manticore
 11300 | D:9      | Noticed a purple ugly thing
 11306 | D:9      | Killed a purple ugly thing
 11308 | D:9      | Killed a manticore
 11313 | D:9      | Noticed a centaur warrior
 11320 | D:9      | Killed a centaur warrior
 11467 | D:9      | Noticed a white ugly thing
 11485 | D:9      | Noticed Erolcha
 11835 | D:9      | Killed a white ugly thing
 12164 | D:9      | Killed Erolcha
 12202 | D:9      | Reached *** piety under the Shining One
 12223 | D:9      | Reached XP level 12. HP: 69/91 MP: 0/0
 12341 | D:9      | Reached skill level 5 in Evocations
 12607 | D:9      | Noticed a centaur warrior
 12613 | D:9      | Killed a centaur warrior
 12620 | D:9      | Identified the +8 sling "Riott" {flame, rPois Str+2 SInv}
 12832 | D:10     | Entered Level 10 of the Dungeon
 12996 | D:10     | Reached skill level 12 in Spellcasting
 13073 | D:10     | Found a staircase to the Orcish Mines.
 13098 | D:10     | Found an ornate altar of the Wu Jian Council.
 13112 | D:10     | Found a flagged portal.
 13132 | Bailey   | Entered a bailey
 13628 | Bailey   | Found a large runed translucent door.
 13628 | Bailey   | Found a large runed translucent door.
 14117 | D:10     | Reached skill level 5 in Dodging
 14253 | D:11     | Noticed a boulder beetle
 14263 | D:11     | Killed a boulder beetle
 14422 | D:11     | Noticed a skeletal warrior
 14422 | D:11     | Noticed a skeletal warrior
 14422 | D:11     | Noticed a skeletal warrior
 14430 | D:11     | Found a staircase to the Lair.
 14430 | D:11     | Noticed a two-headed ogre
 14469 | D:11     | Killed a two-headed ogre
 14530 | D:11     | Noticed Sonja
 14556 | D:11     | Killed Sonja
 15102 | D:11     | Killed a skeletal warrior
 15103 | D:11     | Reached XP level 13. HP: 53/96 MP: 0/0
 15103 | D:11     | Learned a level 5 spell: Freezing Cloud
 15924 | Lair:1   | Entered Level 1 of the Lair of Beasts
 15968 | Lair:1   | Reached skill level 13 in Spellcasting
 16614 | Lair:2   | Identified a scroll of acquirement
 16616 | Lair:2   | Acquired the amulet of the Open Hand {Regen+ Stlth+}
 16773 | Lair:2   | Found a staircase to the Shoals.
 17475 | Lair:3   | Found a staircase to the Snake Pit.
 17542 | Lair:3   | Noticed an eight-headed hydra
 17548 | Lair:3   | Killed an eight-headed hydra
 17713 | Lair:3   | Noticed Snorg
 17727 | Lair:3   | Killed Snorg
 17783 | Lair:3   | Reached **** piety under the Shining One
 17798 | Lair:3   | Noticed Nessos
 17805 | Lair:3   | Killed Nessos
 17806 | Lair:3   | Reached skill level 14 in Spellcasting
 18182 | Lair:3   | Noticed a fire dragon
 18192 | Lair:3   | Killed a fire dragon
 18724 | Lair:4   | Reached XP level 14. HP: 97/103 MP: 0/0
 18895 | Lair:4   | Found a runed translucent gate.
 18896 | Lair:4   | Found a runed translucent gate.
 18896 | Lair:4   | Found a runed translucent gate.
 18907 | Lair:4   | Noticed ma3's ghost (journeyman MiCK)
 19280 | Lair:4   | Found a staircase to the Slime Pits.
 19280 | Lair:4   | Found a viscous altar of Jiyva.
 19633 | Lair:5   | Entered Level 5 of the Lair of Beasts
 19698 | Lair:5   | Reached skill level 15 in Spellcasting
 19948 | Lair:5   | Found a runed translucent door.
 19994 | Lair:5   | Noticed qborf's ghost (journeyman DEFE)
 20309 | Lair:5   | Reached ***** piety under the Shining One
 20386 | Lair:5   | Reached skill level 16 in Spellcasting
 20765 | Lair:5   | Found a burning altar of Makhleb.
 20871 | Lair:5   | Found a gateway to Hell.
 21003 | Lair:5   | Killed qborf's ghost
 21004 | Lair:5   | Reached XP level 15. HP: 107/107 MP: 0/0
 21004 | Lair:5   | Learned a level 6 spell: Summon Cactus Giant
 21261 | D:6      | Bought an embroidered robe for 74 gold pieces
 21261 | D:6      | Bought a glowing robe for 74 gold pieces
 21263 | D:6      | Bought a smoking leather armour for 140 gold pieces
 21263 | D:6      | Identified the +2 leather armour "Wotunax" {rN++ Will+
                  | Dex+3} (You bought it in a shop on level 6 of the Dungeon)
 21488 | D:12     | Reached skill level 1 in Armour
 21734 | D:12     | Reached ****** piety under the Shining One
 21885 | D:12     | Found the +3 giant club "Skullcrusher" {speed, Str+7}
 22356 | D:12     | Found a runed translucent door.
 22359 | D:12     | Noticed a frost giant
 22359 | D:12     | Noticed gruber's ghost (journeyman DsNe)
 23104 | D:13     | Found a glowing silver altar of Zin.
 23158 | D:13     | Reached skill level 10 in Dodging
 23704 | D:13     | Found a gate to the Vaults.
 24574 | D:14     | Reached skill level 5 in Armour
 25065 | D:14     | Reached skill level 17 in Spellcasting
 25065 | D:14     | Reached XP level 16. HP: 116/116 MP: 0/0
 25188 | D:14     | Reached XP level 17. HP: 112/121 MP: 0/0
 25188 | D:14     | Learned a level 7 spell: Malign Gateway
 25455 | Temple   | Fell from the grace of the Shining One
 25455 | Temple   | Became a worshipper of Ru the Awakened
 25840 | D:15     | Entered Level 15 of the Dungeon
 26695 | D:15     | Found Peopn's Book Shop.
 26766 | D:15     | Identified the +0 scale mail of Twilight {Str+6}
 27229 | Lair:4   | Fell from the grace of Ru
 27229 | Lair:4   | Became a worshipper of Jiyva Joemil the Shapeless
 27296 | Slime:1  | Entered Level 1 of the Pits of Slime
 27321 | Slime:5  | Entered Level 5 of the Pits of Slime
 27324 | Slime:5  | Noticed an acid blob
 27345 | Slime:5  | Noticed an acid blob
 27358 | Slime:5  | Noticed the Royal Jelly
 27360 | Slime:5  | Found a viscous altar of Jiyva.
 27364 | Slime:5  | Noticed an acid blob
 27366 | Slime:5  | Found the +7 Singing Sword {vorpal, sonic wave}
 27406 | Slime:2  | Noticed an acid blob
 27631 | D:15     | Found a staircase to the Depths.
 27802 | D:15     | Identified the +7 war axe "Temits" {vorpal, Str+8}
 28430 | Orc:1    | Entered Level 1 of the Orcish Mines
 28623 | Orc:2    | Entered Level 2 of the Orcish Mines
 28654 | Orc:2    | Reached * piety under Jiyva
 29322 | Orc:2    | Found a staircase to the Elven Halls.
 29931 | Orc:2    | Reached ** piety under Jiyva
 29996 | Orc:2    | Found Pyatexte's Jewellery Boutique.
 30006 | Orc:2    | Found Zazod's Assorted Antiques.
 30023 | Orc:2    | Bought a scroll of blinking for 180 gold pieces
 30627 | Orc:2    | Reached skill level 18 in Spellcasting
 30741 | Orc:2    | Found Suholox's General Store.
 30831 | Orc:2    | Found Zywog's Antique Armour Shoppe.
 30840 | Orc:2    | Bought a runed robe for 81 gold pieces
 30843 | Orc:2    | Acquired 319 gold pieces
 30905 | Elf:1    | Entered Level 1 of the Elven Halls
 30915 | Elf:1    | Reached XP level 18. HP: 34/132 MP: 0/0
 31301 | Elf:1    | You are sucked into a shaft and drop 1 floor!
 31322 | Elf:2    | Found a runed translucent gate.
 31322 | Elf:2    | Found a runed translucent gate.
 31323 | Elf:2    | Found a runed translucent gate.
 31454 | Elf:2    | Reached *** piety under Jiyva
 31739 | Abyss:3  | Cast into level 3 of the Abyss (+2 war axe of distortion)
 31754 | Abyss:3  | Noticed an acid blob
 31770 | Abyss:3  | Killed an acid blob
 31827 | Abyss:3  | Gained mutation: Armour fits poorly on your pseudopods.
                  | [Jiyva's grace]
 31827 | Abyss:3  | Gained mutation: Armour fits poorly on your large
                  | pseudopods. [Jiyva's grace]
 31827 | Abyss:3  | Gained mutation: Armour fits poorly on your massive
                  | pseudopods. [Jiyva's grace]
 31827 | Abyss:3  | Gained mutation: You are partially covered in iridescent
                  | scales. (AC +2) [Jiyva's grace]
 31860 | Abyss:3  | Paralysed by accursed screaming for 1 turns
 31882 | Abyss:3  | Reached skill level 19 in Spellcasting
 31907 | Abyss:3  | Noticed a bone dragon
 31923 | Abyss:4  | Found a corrupted altar of Lugonu.
 31930 | Abyss:4  | Reached **** piety under Jiyva
 31941 | Abyss:4  | Found a corrupted altar of Lugonu.
 32003 | Abyss:4  | Noticed a kraken
 32021 | Abyss:4  | Killed a kraken
 32024 | Abyss:4  | Noticed a tentacled monstrosity
 32037 | Abyss:4  | Noticed a tentacled monstrosity
 32040 | Abyss:4  | Killed a tentacled monstrosity
 32057 | Abyss:4  | Killed a tentacled monstrosity
 32064 | Abyss:4  | Got an abyssal rune of Zot
 32074 | Elf:2    | Escaped the Abyss
 32678 | Elf:1    | Reached XP level 19. HP: 130/138 MP: 0/0
 32678 | Elf:1    | Learned a level 6 spell: Statue Form
 32831 | Elf:1    | Reached ***** piety under Jiyva
 32869 | Elf:1    | Reached skill level 1 in Unarmed Combat
 32898 | Elf:1    | Paralysed by an air elemental for 1 turns
 33202 | Elf:3    | Entered Level 3 of the Elven Halls
 33228 | Elf:3    | Gained mutation: You have a small jelly attached to you
                  | that may absorb projectiles. [Jiyva's grace]
 33228 | Elf:3    | Gained mutation: You are covered in fur. (AC +1) [Jiyva's
                  | grace]
 33228 | Elf:3    | Gained mutation: You are covered in thick fur. (AC +2)
                  | [Jiyva's grace]
 33228 | Elf:3    | Gained mutation: Your thick and shaggy fur keeps you warm.
                  | (AC +3, rC+) [Jiyva's grace]
 33280 | Elf:3    | Identified the +5 rapier of Strategic Superiority {freeze,
                  | Dex+4}
 33879 | Abyss:4  | Cast into level 4 of the Abyss (a deep elf sorcerer)
 33898 | Elf:3    | Escaped the Abyss
 34046 | Elf:3    | Found Ufep's Antique Weapon Boutique.
 34047 | Elf:3    | Found Hauc's Armour Emporium.
 34129 | Elf:3    | Reached skill level 5 in Unarmed Combat
 34171 | Elf:3    | Noticed a Tzitzimitl
 34206 | Elf:3    | Noticed an Ice Fiend
 34308 | Elf:3    | Noticed a deep elf blademaster
 34322 | Elf:3    | Noticed a Hell Sentinel
 34329 | Elf:3    | Killed a deep elf blademaster
 34331 | Elf:3    | Slain by a ghostly deep elf blademaster

Illustrated notes

Levels and vault maps discovered:
D:1:      roderic_octagonal_star, layout_loops_ring, serial_shops, shop
D:2:      layout_loops_corners, chequers_ecumenical_altar_twisty, uniq_robin,
          uniq_crazy_yiuf_cottage, uniq_sigmund
D:3:      layout_rooms, uniq_ijyb
D:4:      layout_rooms, nicolae_concentric_dashed_squares_mild
D:5:      layout_rooms, nicolae_overflow_hallway_of_the_gods,
          minmay_temple_entry_drinking_statues, chequers_garden, uniq_pikel
D:6:      gammafunk_wand_slinger, layout_loops_cross, serial_shops, shop
D:7:      layout_layer_cave, eino_curves_02
D:8:      minmay_curly_fans, layout_loops_corners, vehumet_statue,
          kennysheep_okawaru_gauntlet, ebering_ghost_funeral_grove, uniq_erica,
          uniq_psyche
D:9:      minmay_the_grid_octo_2x2 [minmay_the_grid_octo_empty,
          minmay_the_grid_octo_fan_narrow, minmay_the_grid_octo_tetromino_candy,
          minmay_the_grid_octo_prize_single_spiral], layout_gridville,
          uniq_erolcha, uniq_maggie, uniq_grum
D:10:     layout_basic, mainiacjoe_overflow_concentric_impassable,
          kennysheep_mini, david_orc_3, enter_bailey_5
D:11:     nicolae_cairo_tiling_very_big, layout_rooms, david_lair_generic,
          hangedman_abyss_or_decor_slice, uniq_sonja
D:12:     layout_cave_pods, ebering_ghost_inner_flame,
          minmay_guarded_unrand_skullcrusher
D:13:     layout_stronghold, hangedman_vaults_entry_quadrant_bands,
          zin_scriptorium
D:14:     layout_layer_cave, minmay_misc_feat_doors
D:15:     gammafunk_enter_depths_forms, layout_irregular_city, serial_shops,
          nicolae_shop_statue_plus
Temple:   minmay_temple_bridge_abc
Lair:1:   layout_gridlike, st_stairs_4
Lair:2:   layout_cellular_growth, shoals_dummy_entry
Lair:3:   dragon1_lemuel, layout_regular_city, dummy_snake_entry,
          lemuel_fruit_fields, uniq_nessos, uniq_snorg
Lair:4:   layout_regular_city, minmay_slime_entry_pillars,
          gammafunk_ghost_necromancy
Lair:5:   evil_forest, layout_long_grid, hellmonk_ghost_happy_afterlife
Slime:1:  layout_caves, cheibrodos_slime_lost_civilization_6
Slime:2:  layout_caves
Slime:3:  layout_caves
Slime:4:  layout_caves, nicolae_slime_phagocytosis
Slime:5
Orc:1:    layout_caves
Orc:2:    pubby_orc_utopia, serial_shops
Elf:1:    elf_arrival_002, layout_onion_city, minivault_28, abandoned_shop
Elf:2:    nicolae_elf_blades_crystal_corner, layout_geoelf_octagon, uniq_azrael
Elf:3:    grunt_elf_hall_asides, layout_loops_corners, nicolae_wooded_promenade

Skill      XL: |  1  2  3  4  5  6  7  8  9 10 11 12 13 14 15 16 17 18 19 |
---------------+----------------------------------------------------------+-----
Spellcasting   | 4 5 6 7 8 10 11 12 14 16 17 18 19 | 19.9
Fighting       | 3 5 7 10 11 13 | 13.5
Evocations     | 4 6 |  6.0
Dodging        | 7 9 10 13 | 13.6
Armour         | 5 |  5.0
Unarmed Combat | 7 |  7.5
Stealth        | |  1.5

Action                   |  1- 3 |  4- 6 |  7- 9 | 10-12 | 13-15 | 16-18 | 19-21 || total
-------------------------+-------+-------+-------+-------+-------+-------+-------++-------
Melee: Unarmed           |     6 |       |       |       |       |       |   186 ||   192
       Dagger            |    14 |    32 |    39 |       |       |       |       ||    85
       Whip              |       |       |    12 |    30 |       |       |       ||    42
       Staff             |       |       |       |       |    34 |   120 |     5 ||   159
       Pseudopods        |       |       |       |       |       |     3 |    72 ||    75
 Fire: Sling             |       |       |       |    34 |   244 |       |       ||   278
 Cast: Summon Small Mamm |    47 |    47 |     6 |     1 |       |     1 |       ||   102
       Summon Guardian G |       |     2 |       |       |       |     1 |       ||     3
       Call Canine Famil |       |    12 |    30 |    42 |    31 |    15 |       ||   130
       Summon Lightning  |       |     2 |    11 |    30 |   102 |    68 |     2 ||   215
       Hailstorm         |       |       |    38 |    76 |    72 |   131 |    62 ||   379
       Cause Fear        |       |       |       |     9 |    19 |    23 |       ||    51
       Freezing Cloud    |       |       |       |       |    11 |    13 |     2 ||    26
       Summon Cactus Gia |       |       |       |       |    11 |    29 |    12 ||    52
       Beastly Appendage |       |       |       |       |     1 |       |       ||     1
       Malign Gateway    |       |       |       |       |       |    27 |     2 ||    29
       Statue Form       |       |       |       |       |       |       |    13 ||    13
Evoke: Wand              |       |       |       |     3 |     3 |    14 |       ||    20
       Box of beasts     |       |       |       |       |       |     1 |       ||     1
  Use: Scroll            |       |     5 |     8 |     7 |    16 |    11 |       ||    47
       Potion            |       |       |       |       |     2 |    11 |     4 ||    17
 Stab: Distracted        |       |       |     1 |       |       |     1 |       ||     2
       Sleeping          |       |       |     1 |       |       |       |       ||     1
Armor: Robe              |     3 |    12 |    11 |    15 |    38 |       |       ||    79
       Leather armour    |       |       |       |       |    34 |   106 |     6 ||   146
       Skin              |       |       |       |       |       |       |   149 ||   149
Dodge: Dodged            |    36 |    46 |    27 |    79 |   327 |   486 |   261 ||  1262
Block: Other             |       |       |     9 |    31 |     9 |       |       ||    49
       Reflection        |       |       |     2 |     3 |       |       |       ||     5
       Buckler           |       |       |       |       |    94 |   145 |    81 ||   320

Table legend: (Time is in decaauts)
 A = Elapsed time spent in this place.
 B = Non-inter-level travel time spent in this place.
 C = Inter-level travel time spent in this place.
 D = Time resting spent in this place.
 E = Time spent auto-exploring this place.
 F = Levels seen in this place.
 G = Mean time per level.
                   A        B        C        D        E       F      G
               +--------+--------+--------+--------+--------+-----+--------+
         Total |  34827 |  32253 |   2574 |   8954 |  15112 |  35 |  995.1 |
       Dungeon |  22042 |  20155 |   1887 |   6766 |   9160 |  15 | 1469.5 |
        Temple |    220 |    165 |     55 |      0 |    134 |   1 |  220.0 |
          Lair |   5534 |   5075 |    459 |    701 |   3173 |   5 | 1106.8 |
    Slime Pits |    118 |     73 |     45 |      0 |     16 |   5 |   23.6 |
  Orcish Mines |   2543 |   2470 |     73 |    783 |    935 |   2 | 1271.5 |
   Elven Halls |   3373 |   3320 |     53 |    317 |   1587 |   3 | 1124.3 |
         Abyss |    327 |    327 |      0 |     16 |      1 |   3 |  109.0 |
        Bailey |    666 |    666 |      0 |    371 |    105 |   1 |  666.0 |
               +--------+--------+--------+--------+--------+-----+--------+

Top non-repeatable levels by time:
   Orc:2: 2343 daAuts
     D:9: 2283 daAuts
     D:2: 2058 daAuts
     D:8: 2050 daAuts
    D:15: 1971 daAuts
    D:13: 1595 daAuts
     D:1: 1557 daAuts
    D:11: 1476 daAuts
  Lair:5: 1423 daAuts
   Elf:3: 1411 daAuts
    D:14: 1393 daAuts
     D:6: 1339 daAuts
  Lair:4: 1320 daAuts
     D:7: 1317 daAuts
   Elf:1: 1253 daAuts
